 Dungeon Crawl Stone Soup version 0.17-a0-764-gd40c196 (webtiles) character file.

2172 ventricule the Grappler (level 9, 0/80 HPs)
             Began as a Troll Monk on Apr 23, 2015.
             Slain by an orc warrior
             ... wielding a +0 trident
              (7 damage)
             ... on level 7 of the Dungeon.
             The game lasted 00:13:12 (4720 turns).

ventricule the Grappler (Troll Monk)                Turns: 4720, Time: 00:13:12

Health: 0/80       AC:  7    Str: 21    XL:     9   Next: 11%
Magic:  8/8        EV: 10    Int:  8    God:
Gold:   236        SH:  0    Dex: 13    Spells: 0 memorised, 8 levels left

rFire  . . .     SeeInvis .       - Unarmed
rCold  . . .     Clarity  .     a - +1 robe
rNeg   . . .     SustAb   .     (no shield)
rPois  +         Gourm    +     (helmet restricted)
rElec  .         Spirit   .     (no cloak)
rCorr  .         Warding  .     (gloves unavailable)
rMut   .         Stasis   .     (boots unavailable)
MR     .....                    o - amulet of rage
Stlth  +.........               j - ring of poison resistance
                                h - +1 ring of protection

@: exhausted, slowed, very slow, not resistant to hostile enchantments, very
unstealthy
A: unfitting armour, claws 3, fast metabolism 3, gourmand, regeneration 2,
shaggy fur 1, tough skin 2
a: Evoke Berserk Rage


You were on level 7 of the Dungeon.
You were very full.

You visited 1 branch of the dungeon, and saw 7 of its levels.
You also visited: Sewer.

You collected 236 gold pieces.


Innate Abilities, Weirdness & Mutations

You are too large for most types of armour.
You have claws for hands.
Your metabolism is lightning-fast.
You like to eat raw meat.
You heal very quickly.
You are covered in fur (AC +1).
You have very tough skin (AC +2).


   Skills:
 - Level 2.4 Fighting
 - Level 2.4 Dodging
 - Level 1.1 Stealth
 + Level 12.4 Unarmed Combat


You had 8 spell levels left.
You didn't know any spells.

Inventory:

Missiles
 x - 4 large rocks (quivered) {=f}
Armour
 a - a +1 robe (worn)
Jewellery
 h - a +1 ring of protection (left claw)
 j - a ring of poison resistance (right claw)
 l - a ring of flight
 o - an amulet of rage (around neck)
Magical devices
 s - a wand of digging (10)
 t - a wand of fire (7)
Scrolls
 g - 5 scrolls of teleportation {@r4}
 v - a scroll of blinking
 w - 2 scrolls of fear
 y - a scroll of identify {@r1}
Potions
 c - a potion of haste {unknown}
 d - 2 potions of agility {unknown}
 e - 4 potions of curing {@q1}
 f - a potion of lignification {unknown}
 i - a potion of restore abilities {unknown}
 k - a potion of poison {unknown}
 n - 4 potions of magic
 p - a potion of heal wounds {unknown}
 q - a potion of flight {unknown}
 r - a potion of cancellation {unknown}
 u - a potion of might {unknown}
Comestibles
 b - 5 bread rations
 m - 3 meat rations
 z - a chunk of flesh

Dungeon Overview and Level Annotations

Branches:
Dungeon (7/15)             Temple (0/1) D:4

Altars:
Ashenzari
Dithmenos
Fedhas
Kikubaaqudgha
Zin

Shops:
D:6 * D:7

* ## ##.# #... ###...
#### ..... ..# #.##...
#.########
.......o#####........#
.......oT†.............
##..∩...######.........
#.....# #...PPPP.♣
#..... #...♣♣ P ...## #
#....♣♣f.f # #.
#.......f. ##.#
#......fff
....#...####......ff.
#.....<<.()...♣♣...


You could see an orc warrior and an orc.


Message History

You mangle the orc wizard!!
You kill the orc wizard!
The orc warrior hits you from afar with a trident!
* * * LOW HITPOINT WARNING * * *
You are no longer berserk.
You are exhausted.
You feel yourself slow down.
Items here: )) [ † a dagger; a robe; a mace; an orc corpse You scratch the orc warrior.
The orc warrior is lightly wounded.
The orc warrior hits you with a trident.
* * * LOW HITPOINT WARNING * * *
The orc misses you.
You barely miss the orc warrior.
The orc warrior is lightly wounded.
The orc warrior closely misses you. The orc hits you but does no damage.
You scratch the orc warrior but do no damage.
The orc warrior is lightly wounded.
The orc warrior hits you with a trident!!
* * * LOW HITPOINT WARNING * * *
The orc hits you with a club.
* * * LOW HITPOINT WARNING * * *
Drink which item? (? for menu, Esc to quit)
It was a potion of magic.
Magic courses through your body.
The orc warrior is no longer bleeding.
The orc warrior hits you but does no damage.
The orc barely misses you.
The orc warrior hits you with a trident!
You die...

Action                   |  1- 3 |  4- 6 |  7- 9 || total
-------------------------+-------+-------+-------++-------
Melee: Unarmed           |    96 |    92 |   195 ||   383
Throw: Large rock        |       |     6 |     4 ||    10
 Abil: Evoke Berserk Rag |       |     3 |     3 ||     6
  Use: Scroll            |       |     4 |     4 ||     8
       Potion            |       |       |     1 ||     1
 Stab: Sleeping          |       |       |     1 ||     1
  Eat: Chunk             |    10 |    17 |    24 ||    51
       Beef jerky        |       |     1 |       ||     1

Vault maps used:
D:1:      lemuel_arrival_cross
D:4:      temple_fountains, first_bread, ashenzari_altar_1, uniq_grinder,
          uniq_pikel
D:5:      grunt_dithmenos_smoke_and_mirrors, nicolae_overflow_hidden_temple,
          old_standard_altar
D:6:      zin_purify, portal_sewer_entry_a, kennysheep_windowed_goal,
          uniq_duvessa
D:7:      serial_park_square1, grunt_temple_overflow_open, grunt_ogre_cave,
          minmay_misc_feat_ornament, serial_bayou_pond_c, nicolae_alphabet_shops
Sewer:    sewer_co_cracked_pipes

Notes
Turn   | Place    | Note
--------------------------------------------------------------
     0 | D:1      | ventricule, the Troll Monk, began the quest for the Orb.
     0 | D:1      | Reached XP level 1. HP: 22/22 MP: 0/0
    41 | D:1      | Reached XP level 2. HP: 29/29 MP: 1/1
   566 | D:2      | Reached skill level 5 in Unarmed Combat
   636 | D:2      | Reached XP level 3. HP: 34/36 MP: 2/2
   891 | D:2      | Reached XP level 4. HP: 40/44 MP: 3/3
  1286 | D:3      | Reached skill level 6 in Unarmed Combat
  1859 | D:4      | Noticed an ogre
  1866 | D:4      | HP: 2/44 [ogre/giant club (16)]
  1954 | D:4      | Killed an ogre
  1954 | D:4      | Reached XP level 5. HP: 42/50 MP: 4/4
  2020 | D:4      | Found a shattered altar of Ashenzari.
  2030 | D:4      | Noticed Grinder
  2045 | D:4      | Paralysed by Grinder for 6 turns
  2050 | D:4      | HP: 4/50 [Grinder (6)]
  2052 | D:4      | Killed Grinder
  2052 | D:4      | Reached skill level 8 in Unarmed Combat
  2052 | D:4      | Reached XP level 6. HP: 4/59 MP: 5/5
  2170 | D:4      | Found a staircase to the Ecumenical Temple.
  2309 | D:4      | Noticed a slave
  2309 | D:4      | Noticed a slave
  2309 | D:4      | Noticed a slave
  2309 | D:4      | Noticed Pikel
  2315 | D:4      | Killed Pikel
  2315 | D:4      | Reached skill level 9 in Unarmed Combat
  2315 | D:4      | Reached XP level 7. HP: 66/66 MP: 6/6
  2320 | D:4      | Noticed a freed slave
  2494 | D:4      | Noticed a phantom
  2507 | D:4      | Killed a phantom
  2507 | D:4      | Reached skill level 10 in Unarmed Combat
  2507 | D:4      | Reached XP level 8. HP: 67/74 MP: 7/7
  2578 | D:5      | Entered Level 5 of the Dungeon
  2598 | D:5      | Found an ancient bone altar of Kikubaaqudgha.
  2957 | D:5      | Found a shadowy altar of Dithmenos.
  3258 | D:5      | Found a blossoming altar of Fedhas.
  3426 | D:6      | Found a glowing silver altar of Zin.
  3454 | D:6      | Found a glowing drain.
  3477 | Sewer    | Entered a sewer
  3504 | Sewer    | Reached skill level 11 in Unarmed Combat
  3895 | D:6      | Noticed Duvessa
  3896 | D:6      | Noticed Dowan
  3904 | D:6      | Killed Dowan
  3906 | D:6      | Killed Duvessa
  4335 | D:6      | Found Zin's Purification Station.
  4657 | D:7      | Reached skill level 12 in Unarmed Combat
  4690 | D:7      | Found Nlegu's Needful Niceties.
  4704 | D:7      | Reached XP level 9. HP: 78/80 MP: 8/8
  4719 | D:7      | HP: 6/80 [orc/club (4)]
  4720 | D:7      | Slain by an orc warrior

Vanquished Creatures
  Pikel (D:4)
  Grinder (D:4)
  A hippogriff (D:7)
  An orc warrior (D:7)
  Duvessa (D:6)
  An ice beast (D:5)
  A phantom (D:4)
  An ogre (D:4)
  A centaur (D:6)
  A giant frog (D:5)
  Dowan (D:6)
  A scorpion (D:6)
  2 orc priests (D:7)
  6 hounds
  3 orc wizards
  3 worker ants
  An iguana (D:5)
  4 gnolls (D:6)
  9 adders
  4 river rats
  A shadow imp (D:6)
  An ooze (D:2)
  An adder skeleton (D:4)
  An adder zombie (D:6)
  2 worms
  3 giant geckos
  6 orcs
  6 ball pythons
  A bat skeleton (D:6)
  A bat zombie (D:6)
  8 giant cockroaches
  11 goblins
  10 hobgoblins
  2 jackals (D:5)
  6 kobolds
  5 quokkas
  5 bats
  10 giant newts
  A quokka skeleton (D:6)
  14 rats
139 creatures vanquished.
